 Dungeon Crawl Stone Soup version 0.26.1-11-gd32895ea62 (webtiles) character file.

Game seed: 13889081610163478262

51 Zeld the Insei (level 3, -5/23 HPs)
             Began as an Octopode Transmuter on May 27, 2021.
             Slain by Crazy Yiuf
             ... wielding a +4 quarterstaff of chaos
              (16 damage)
             ... on level 2 of the Dungeon.
             The game lasted 00:01:25 (2296 turns).

Zeld the Insei (Octopode Transmuter)                Turns: 2296, Time: 00:01:26

Health: -5/23      AC:  2    Str: 10    XL:     3   Next: 83%
Magic:  2/7        EV: 25    Int: 15    God:
Gold:   90         SH:  0    Dex: 17    Spells: 1/7 levels left

rFire    . . .     SeeInvis .     - Unarmed
rCold    . . .     Faith    .   (shield currently unavailable)
rNeg     . . .     Spirit   .   (helmet currently unavailable)
rPois    x         Reflect  .   (no amulet)
rElec    .         Harm     .   (no ring)
rCorr    .         Rampage  .   (no ring)
Will     .....                  (no ring)
Stlth    ++........             (no ring)
HPRegen  0.07/turn              (no ring)
MPRegen  0.10/turn              (no ring)
                                (no ring)
                                (no ring)

@: agile, spider-form, wereblooded
A: tiny, almost no armour, stealthy swim, (amphibious), 8 rings, (constrict 8)
a: End Transformation


You were on level 2 of the Dungeon.
You were a venomous arachnid creature.
You visited 1 branch of the dungeon, and saw 2 of its levels.

You collected 90 gold pieces.

Inventory:

Jewellery
 h - a +6 ring of intelligence {unknown}
Wands
 n - a wand of disintegration (14)
Scrolls
 a - a scroll of identify {unknown}
 c - a scroll of magic mapping {unknown}
 e - 2 scrolls of remove curse {unknown}
 f - a scroll of enchant weapon {unknown}
Potions
 b - a potion of cancellation {unknown}
 d - 3 potions of lignification {unknown}
 g - 2 potions of resistance {unknown}
 i - 2 potions of flight {unknown}
 j - a potion of attraction {unknown}
 k - 3 potions of brilliance {unknown}
 l - a potion of degeneration {unknown}
 m - a potion of ambrosia {unknown}
 o - a potion of mutation {unknown}
 p - a potion of haste {unknown}
 q - a potion of curing {unknown}


   Skills:
 + Level 1.6 Fighting
 + Level 2.4 Dodging
 - Level 3.0 Unarmed Combat
 * Level 2.7 Spellcasting
 * Level 2.8 Transmutations


You had one spell level left.
You knew the following spells:

 Your Spells              Type           Power        Failure   Level
a - Beastly Appendage     Tmut           20%          19%         1
b - Wereblood             Tmut           10%          24%         2
c - Spider Form           Tmut/Pois      3%           56%         3

Your spell library contained the following spells:

 Spells                   Type           Power        Failure   Level
 Ice Form                 Ice/Tmut       6%           89%         4
 Blade Hands              Tmut           5%           96%         5


Dungeon Overview and Level Annotations

Branches:
Dungeon (2/15)

Altars:
Dithmenos

Annotations:
D:2 Crazy Yiuf


Innate Abilities, Weirdness & Mutations

You cannot wear most types of armour.
You are very stealthy in the water. (Stealth+)
((You are amphibious.))
You can wear up to eight rings at the same time.
((You can use your tentacles to constrict eight enemies at once.))
((Your skin changes colour to match your surroundings (Stealth+).))
((Your rubbery body absorbs attacks. (AC +1, EV +1)))


Message History

The spell is quite dangerous to cast (24% risk of failure)!
Continue anyway?
Your blood is infused with primal strength.
As you open the door, it creaks loudly!
Crazy Yiuf hits you with a +4 quarterstaff of chaos!
Ouch! That really hurt!
You feel agile all of a sudden.
You are too injured to fight recklessly!
You hit Crazy Yiuf but do no damage.
Crazy Yiuf is poisoned.
You hit Crazy Yiuf.
Crazy Yiuf looks as sick as possible!
Crazy Yiuf is lightly wounded.
Crazy Yiuf completely misses you.
You bite Crazy Yiuf!
Crazy Yiuf looks as sick as possible!
Crazy Yiuf is heavily wounded.
Crazy Yiuf screams, "Cake water koolooloo!"
Crazy Yiuf barely misses you.
You hit Crazy Yiuf but do no damage.
Crazy Yiuf looks as sick as possible!
Crazy Yiuf is severely wounded.
Crazy Yiuf hits you with a +4 quarterstaff of chaos!
Ouch! That really hurt!
You die...

#....#######..#.....
#....# #.>..)...
♣....♣ #........
♣...♣♣ #.......#
♣♣.♣♣ #####.### ♣.♣♣
#.# ♣♣.♣ #.# ♣.♣♣
##.## ♣♣s♣ #...##
#g# #....# ...
#..... #...# #.##.#
#..)# #.##.# ######
##### #.##.. #....#
#######.####
#.####### ###
#.......####
#.#####.###.#
######......


You could see Crazy Yiuf (extremely poisoned).

Vanquished Creatures
  A gnoll (D:1)
  An adder (D:2)
  2 worms (D:2)
  A dart slug (D:1)
  A ball python (D:2)
  2 bats
  7 goblins
  2 hobgoblins (D:2)
  2 quokkas (D:2)
  A frilled lizard (D:1)
  4 kobolds
  2 rats (D:2)
26 creatures vanquished.

Notes
Turn   | Place    | Note
-------+----------+-------------------------------------------
     0 | D:1      | Zeld the Octopode Transmuter began the quest for the Orb.
     0 | D:1      | Reached XP level 1. HP: 13/13 MP: 3/3
   418 | D:1      | Reached XP level 2. HP: 10/18 MP: 3/5
   421 | D:1      | Learned a level 2 spell: Wereblood
  1209 | D:2      | Reached XP level 3. HP: 23/23 MP: 4/6
  1213 | D:2      | Learned a level 3 spell: Spider Form
  1473 | D:2      | Found a shadowy altar of Dithmenos.
  2095 | D:2      | Found a runed translucent door.
  2096 | D:2      | Noticed Crazy Yiuf
  2296 | D:2      | Slain by Crazy Yiuf

Illustrated notes

Levels and vault maps discovered:
D:1:      wander_arrival_desolate, layout_basic, minmay_pentomino_p2
D:2:      layout_loops_cross, grunt_dithmenos_smoke, uniq_crazy_yiuf_cottage

Action                   || total
-------------------------++-------
Melee: Unarmed           ||    56
       Constrict         ||    16
       Tentacles         ||    10
       Punch             ||     3
       Kick              ||     8
 Cast: Beastly Appendage ||    22
       Spider Form       ||     1
       Wereblood         ||     1
 Stab: Sleeping          ||     9
Armor: Skin              ||     1
Dodge: Dodged            ||    22
